ITL
RICHMOND FLAIRS @ BIRMINGHAM BARONS
08/31/2030
 
TOP OF THE 1ST
Richmond Flairs batting - Pitching for Birmingham Barons : RHP Adrián Serrano
Pitching: RHP Adrián Serrano
Batting: RHB Lonson Seals 0-0: Called Strike
0-1: Ball
1-1: Ball
2-1: SINGLE (Flyball, 7LS)
Batting: RHB Jack Ray 0-0: Called Strike
0-1: Ball
1-1: Foul Ball, location: 2F
1-2: Ball
2-2: Fly out, F9 (Flyball, 9LS)
Batting: RHB António Gonzáles 0-0: Called Strike
0-1: Swinging Strike
0-2: Ball
1-2: Hit by Pitch
Lonson Seals to second
Batting: RHB Miguel Hernández 0-0: Fly out, F9 (Flyball, 9S)
Batting: SHB Adrián Miranda 0-0: Ball
1-0: Called Strike
1-1: Ground out 4-3 (Groundball, 4M)
Top of the 1st over - 0 runs, 1 hit, 0 errors, 2 left on base; Richmond 0 - Birmingham 0
BOTTOM OF THE 1ST
Birmingham Barons batting - Pitching for Richmond Flairs : RHP Curt Watkins
Pitching: RHP Curt Watkins
Batting: LHB Salvador López 0-0: Ball
1-0: Foul Ball, location: 2F
1-1: Fly out, F8 (Flyball, 8RS)
Batting: RHB Chris Parker 0-0: Ground out 4-3 (Groundball, 4)
Batting: RHB Sixto Vélez 0-0: Ball
1-0: Called Strike
1-1: Ball
2-1: Fly out, F7 (Flyball, 7S)
Bottom of the 1st over - 0 runs, 0 hits, 0 errors, 0 left on base; Richmond 0 - Birmingham 0
TOP OF THE 2ND
Richmond Flairs batting - Pitching for Birmingham Barons : RHP Adrián Serrano
Batting: RHB Alejandro Ramos 0-0: Called Strike
0-1: Ball
1-1: SINGLE (Line Drive, 4D)
Batting: RHB Christian Hudson 0-0: Ball
1-0: Called Strike
1-1: Foul Ball, location: 2F
1-2: Ball
2-2: Fly out, F9 (Flyball, 89S)
Batting: SHB Brian Moyer 0-0: Ball
1-0: Swinging Strike
1-1: Called Strike
1-2: Foul Ball, location: 2F
1-2: Foul Ball, location: 2F
1-2: Ball
Wild Pitch!
Alejandro Ramos to second
2-2: Ball
3-2: Foul Ball, location: 2F
3-2: Strikes out swinging
Batting: RHB Joe Courtier 0-0: Ball
1-0: Fly out, F8 (Flyball, 78S)
Top of the 2nd over - 0 runs, 1 hit, 0 errors, 1 left on base; Richmond 0 - Birmingham 0
BOTTOM OF THE 2ND
Birmingham Barons batting - Pitching for Richmond Flairs : RHP Curt Watkins
Batting: RHB Bryant von Bohlen 0-0: Ball
1-0: Swinging Strike
1-1: Swinging Strike
1-2: Ball
2-2: Ground out 6-3 (Groundball, 6)
Batting: SHB Randy Anderson 0-0: Called Strike
0-1: Ball
1-1: TRIPLE (Flyball, 9D)
Batting: LHB Bob Jones 0-0: Ball
1-0: Foul Ball, location: 2F
1-1: Foul Ball, location: 2F
1-2: Fly out, F9 (Flyball, 9S)
Batting: RHB Reinaldo Amarante 0-0: DOUBLE (Line Drive, 78XD)
Randy Anderson scores
Batting: RHB Bob McDonald 0-0: Called Strike
0-1: Ball
1-1: Ball
2-1: Foul Ball, location: 2F
2-2: Strikes out swinging
Bottom of the 2nd over - 1 run, 2 hits, 0 errors, 1 left on base; Richmond 0 - Birmingham 1
TOP OF THE 3RD
Richmond Flairs batting - Pitching for Birmingham Barons : RHP Adrián Serrano
Batting: RHB Lonson Seals 0-0: Fly out, F9 (Flyball, 89M)
Batting: RHB Jack Ray 0-0: Ball
1-0: Ball
2-0: SINGLE (Groundball, 56D)
Batting: RHB António Gonzáles 0-0: Ball
1-0: Called Strike
1-1: Grounds into double play, 4-6-3 (Groundball, 4)
Top of the 3rd over - 0 runs, 1 hit, 0 errors, 0 left on base; Richmond 0 - Birmingham 1
BOTTOM OF THE 3RD
Birmingham Barons batting - Pitching for Richmond Flairs : RHP Curt Watkins
Batting: RHB Jesús Velásquez 0-0: Ball
1-0: Foul Ball, location: 2F
1-1: Foul Ball, location: 2F
1-2: Fly out, F9 (Line Drive, 9)
Batting: LHB Salvador López 0-0: Swinging Strike
0-1: Ball
1-1: Foul Ball, location: 2F
1-2: Strikes out swinging
Batting: RHB Chris Parker 0-0: Swinging Strike
0-1: Ball
1-1: Foul Ball, location: 2F
1-2: Strikes out swinging
Bottom of the 3rd over - 0 runs, 0 hits, 0 errors, 0 left on base; Richmond 0 - Birmingham 1
TOP OF THE 4TH
Richmond Flairs batting - Pitching for Birmingham Barons : RHP Adrián Serrano
Batting: RHB Miguel Hernández 0-0: Ball
1-0: Swinging Strike
1-1: Foul Ball, location: 2F
1-2: Strikes out swinging
Batting: SHB Adrián Miranda 0-0: Foul Ball, location: 2F
0-1: Ball
1-1: Ball
2-1: Ball
3-1: SINGLE (Groundball, 34D)
Batting: RHB Alejandro Ramos 0-0: Ball
1-0: Ball
2-0: Swinging Strike
2-1: Foul Ball, location: 2F
2-2: Ball
3-2: Base on Balls
Adrián Miranda to second
Batting: RHB Christian Hudson 0-0: Fly out, F8 (Line Drive, 8RXD)
Runner from 2nd tags up, SAFE at 3rd, no throw
Batting: SHB Brian Moyer 0-0: Swinging Strike
0-1: Called Strike
0-2: Foul Ball, location: 2F
0-2: Strikes out looking
Top of the 4th over - 0 runs, 1 hit, 0 errors, 2 left on base; Richmond 0 - Birmingham 1
BOTTOM OF THE 4TH
Birmingham Barons batting - Pitching for Richmond Flairs : RHP Curt Watkins
Batting: RHB Sixto Vélez 0-0: Ball
1-0: Ball
2-0: Ball
3-0: Called Strike
3-1: Base on Balls
Batting: RHB Bryant von Bohlen 0-0: Called Strike
0-1: Ball
1-1: Foul Ball, location: 2F
1-2: SINGLE (Groundball, 4MD)
Sixto Vélez to second
Pitching: RHP Albert Gonzáles
Batting: SHB Randy Anderson 0-0: Ball
1-0: Ball
2-0: Ball
3-0: Called Strike
3-1: Foul Ball, location: 2F
3-2: Strikes out swinging
Batting: LHB Bob Jones 0-0: Called Strike
0-1: SINGLE (Line Drive, 56D)
Sixto Vélez to third
Bryant von Bohlen to second
Runner from 3rd tries for Home, SAFE, no throw
Batting: RHB Reinaldo Amarante 0-0: Foul Ball, location: 2F
0-1: Fielders Choice at 2nd, 3-6 (Groundball, 34)
Bryant von Bohlen to third
Batting: RHB Bob McDonald 0-0: Ball
1-0: SINGLE (Flyball, 7LM)
Bryant von Bohlen scores
Reinaldo Amarante to second
Batting: RHB Jesús Velásquez 0-0: Ball
1-0: Called Strike
1-1: Swinging Strike
1-2: Foul Ball, location: 2F
1-2: Fly out, F3 (Popup, 23F)
Bottom of the 4th over - 2 runs, 3 hits, 0 errors, 2 left on base; Richmond 0 - Birmingham 3
TOP OF THE 5TH
Richmond Flairs batting - Pitching for Birmingham Barons : RHP Adrián Serrano
Batting: RHB Joe Courtier 0-0: Called Strike
0-1: Ball
1-1: Called Strike
1-2: Fly out, F4 (Line Drive, 4)
Batting: RHB Lonson Seals 0-0: Ball
1-0: Ball
2-0: Called Strike
2-1: Ball
3-1: Called Strike
3-2: Foul Ball, location: 2F
3-2: Ground out 4-3 (Groundball, 4)
Batting: RHB Jack Ray 0-0: Fly out, F9 (Line Drive, 89D)
Top of the 5th over - 0 runs, 0 hits, 0 errors, 0 left on base; Richmond 0 - Birmingham 3
BOTTOM OF THE 5TH
Birmingham Barons batting - Pitching for Richmond Flairs : RHP Albert Gonzáles
Batting: LHB Salvador López 0-0: Ground out 4-3 (Groundball, 4)
Batting: RHB Chris Parker 0-0: Swinging Strike
0-1: Ball
1-1: Ball
2-1: Ground out 3-1 (Groundball, 34)
Batting: RHB Sixto Vélez 0-0: Foul Ball, location: 2F
0-1: Fly out, F9 (Flyball, 89S)
Bottom of the 5th over - 0 runs, 0 hits, 0 errors, 0 left on base; Richmond 0 - Birmingham 3
TOP OF THE 6TH
Richmond Flairs batting - Pitching for Birmingham Barons : RHP Adrián Serrano
Batting: RHB António Gonzáles 0-0: Ball
1-0: Called Strike
1-1: Ball
2-1: SINGLE (Line Drive, 7LS)
Pitching: RHP Ken Lyons
Batting: RHB Miguel Hernández 0-0: Ball
1-0: Fly out, F8 (Line Drive, 8RD)
Batting: SHB Adrián Miranda 0-0: SINGLE (Popup, 3D)
António Gonzáles to second
Runner from 2nd tries for 3rd, SAFE, no throw
Batting: RHB Alejandro Ramos 0-0: Reached on error, E5 (Groundball, 56)
António Gonzáles scores
Adrián Miranda to second
Batting: RHB Christian Hudson 0-0: Ball
1-0: Called Strike
1-1: Called Strike
1-2: Foul Ball, location: 2F
1-2: Foul Ball, location: 2F
1-2: Foul Ball, location: 2F
1-2: Ball
2-2: Ball
3-2: Strikes out swinging
Batting: SHB Brian Moyer 0-0: Ball
1-0: Swinging Strike
1-1: Ball
2-1: Fly out, F5 (Line Drive, 5L)
Top of the 6th over - 1 run, 2 hits, 1 error, 2 left on base; Richmond 1 - Birmingham 3
BOTTOM OF THE 6TH
Birmingham Barons batting - Pitching for Richmond Flairs : RHP Albert Gonzáles
Now in RF: R.J. Courtney
Batting: RHB Bryant von Bohlen 0-0: Called Strike
0-1: Swinging Strike
0-2: Ball
1-2: Ground out 5-3 (Groundball, 5S)
Batting: SHB Randy Anderson 0-0: Swinging Strike
0-1: Foul Ball, location: 2F
0-2: Ball
1-2: Ball
2-2: Strikes out swinging
Batting: LHB Bob Jones 0-0: Ball
1-0: Swinging Strike
1-1: Called Strike
1-2: Ground out 4-3 (Groundball, 34)
Bottom of the 6th over - 0 runs, 0 hits, 0 errors, 0 left on base; Richmond 1 - Birmingham 3
TOP OF THE 7TH
Richmond Flairs batting - Pitching for Birmingham Barons : RHP Ken Lyons
Batting: LHB R.J. Courtney 0-0: Swinging Strike
0-1: Ball
1-1: Called Strike
1-2: Foul Ball, location: 2F
1-2: Fly out, F5 (Popup, 56S)
Batting: RHB Lonson Seals 0-0: Ball
1-0: Foul Ball, location: 2F
1-1: Ball
2-1: Ground out 4-3 (Groundball, 4)
Batting: RHB Jack Ray 0-0: Ball
1-0: SINGLE (Line Drive, 89M)
Batting: RHB António Gonzáles 0-0: Ball
1-0: Ball
2-0: Foul Ball, location: 2F
2-1: Ball
3-1: Foul Ball, location: 2F
3-2: Base on Balls
Jack Ray to second
Pinch Hitting: LHB Sean Nicks 0-0: Ball
1-0: Ground out 3-1 (Groundball, 34)
Top of the 7th over - 0 runs, 1 hit, 0 errors, 2 left on base; Richmond 1 - Birmingham 3
BOTTOM OF THE 7TH
Birmingham Barons batting - Pitching for Richmond Flairs : RHP Albert Gonzáles
Now at 1B: Sean Nicks
Batting: RHB Reinaldo Amarante 0-0: Foul Ball, location: 2F
0-1: Ground out 6-3 (Groundball, 6M)
Batting: RHB Bob McDonald 0-0: Called Strike
0-1: SOLO HOME RUN (Flyball, 7D), Distance : 357 ft
Pitching: RHP Juan Gutiérrez
Batting: RHB Jesús Velásquez 0-0: SINGLE (Groundball, 56D)
Batting: LHB Salvador López 0-0: Called Strike
Jesús Velásquez steals 2nd base
0-1: Ground out 4-3 (Groundball, 4)
Jesús Velásquez to third
Batting: RHB Chris Parker 0-0: Ball
1-0: Swinging Strike
1-1: Ball
2-1: Ball
3-1: Base on Balls
Batting: RHB Sixto Vélez 0-0: Ball
1-0: Ball
2-0: Called Strike
2-1: Ball
3-1: Called Strike
3-2: Strikes out looking
Bottom of the 7th over - 1 run, 2 hits, 0 errors, 2 left on base; Richmond 1 - Birmingham 4
TOP OF THE 8TH
Richmond Flairs batting - Pitching for Birmingham Barons : RHP Ken Lyons
Now at 3B: Pancho Ruíz
Batting: SHB Adrián Miranda 0-0: Called Strike
0-1: Fly out, F2 (Popup, 23F)
Pitching: RHP Clancy Steele
Batting: RHB Alejandro Ramos 0-0: Called Strike
0-1: Called Strike
0-2: Ball
1-2: Fly out, F8 (Flyball, 8LD)
Batting: RHB Christian Hudson 0-0: Called Strike
0-1: Ball
1-1: SINGLE (Groundball, 6MD)
Batting: SHB Brian Moyer 0-0: Ball
1-0: Swinging Strike
1-1: Called Strike
1-2: Ground out U3 (Groundball, 3)
Top of the 8th over - 0 runs, 1 hit, 0 errors, 1 left on base; Richmond 1 - Birmingham 4
BOTTOM OF THE 8TH
Birmingham Barons batting - Pitching for Richmond Flairs : RHP Juan Gutiérrez
Batting: RHB Bryant von Bohlen 0-0: Ball
1-0: Swinging Strike
1-1: Foul Ball, location: 2F
1-2: Strikes out looking
Batting: SHB Randy Anderson 0-0: Foul Ball, location: 2F
0-1: Ball
1-1: Swinging Strike
1-2: Strikes out swinging
Batting: LHB Bob Jones 0-0: Ball
1-0: Ball
2-0: Called Strike
2-1: Ball
3-1: SINGLE (Groundball, 4MD)
Batting: RHB Reinaldo Amarante 0-0: Ball
1-0: Swinging Strike
1-1: Called Strike
1-2: Strikes out swinging
Bottom of the 8th over - 0 runs, 1 hit, 0 errors, 1 left on base; Richmond 1 - Birmingham 4
TOP OF THE 9TH
Richmond Flairs batting - Pitching for Birmingham Barons : RHP Clancy Steele
Batting: LHB R.J. Courtney 0-0: Foul Ball, location: 2F
0-1: Ball
1-1: Ball
2-1: Ball
3-1: Called Strike
3-2: SINGLE (Groundball, 34) (infield hit)
Batting: RHB Lonson Seals 0-0: Called Strike
0-1: Ball
1-1: Ball
2-1: Ball
3-1: Called Strike
3-2: Strikes out looking
Batting: RHB Jack Ray 0-0: Swinging Strike
0-1: Foul Ball, location: 2F
0-2: Strikes out swinging
Batting: RHB António Gonzáles 0-0: Ball
1-0: Called Strike
1-1: Fielders Choice at 2nd, 5-4 (Groundball, 56)
Top of the 9th over - 0 runs, 1 hit, 0 errors, 1 left on base; Richmond 1 - Birmingham 4
Saturday, April 7th, 2018 - OOTP Baseball 18.8 Build 76